 Dungeon Crawl Stone Soup version 0.31.0-32-g396128a36d (webtiles) character file.

Game seed: 5863018248858097831

1399 RatsInWalls the Trooper (level 8, -4/57 HPs)
             Began as an Octopode Shapeshifter on Mar 10, 2024.
             Was an Initiate of Yredelemnul.
             Killed from afar by an orc wizard (7 damage)
             ... with a puff of flame
             ... on level 5 of the Dungeon.
             The game lasted 00:15:59 (4573 turns).

RatsInWalls the Trooper (Octopode Shapeshifter)     Turns: 4573, Time: 00:16:01

Health: -4/57      AC:  1    Str: 16    XL:     8   Next: 69%
Magic:  9/9        EV: 14    Int: 12    God:    Yredelemnul [......]
Gold:   270        SH:  0    Dex: 11    Spells: 7/7 levels left

rFire   . .          .
                       - Unarmed
rCold   . . .        (no shield)
rNeg    . . .        (helmet currently unavailable)
rPois   .            (no amulet)
rElec   .            p - ring of willpower
rCorr   .            (no ring)
SInv    .            (no ring)
Will    +....        (no ring)
Stlth   ++           (no ring)
HPRegen 0.29/turn    (no ring)
MPRegen 0.11/turn    (no ring)
                     (no ring)

%: no passive effects
@: beast-form
A: beast (slay +2), almost no armour, amphibious, 8 rings, camouflage 1,
gelatinous body 1, (nimble swimmer 1), tentacles
a: Begin Untransformation, Renounce Religion, Recall Undead Harvest


You were on level 5 of the Dungeon.
You worshipped Yredelemnul.
Yredelemnul was noncommittal.
You were a hulking beast.
You visited 2 branches of the dungeon, and saw 8 of its levels.

You collected 270 gold pieces.

Inventory:

Missiles
 e - 17 poisoned darts (quivered)
 t - 4 javelins
Magical Staves
 s - a staff of death
Jewellery
 f - the ring of Xeor {Fly rElec Dex+3 Slay-5}
   (You found it on level 6 of the Dungeon)

   [ring of flight]

   Dex+3:     It affects your dexterity (+3).
   Slay-5:    It affects your accuracy & damage with ranged weapons and melee
   (-5).
   rElec:     It insulates you from electricity.
   Fly:       It grants you flight.
 p - a ring of willpower (left tentacle)
Talismans
 b - a beast talisman
 c - a flux talisman
Scrolls
 d - 2 scrolls of teleportation
 j - a scroll of blinking {unknown}
 n - a scroll of identify
 r - a scroll of fog
 u - a scroll of brand weapon
Potions
 a - a potion of lignification
 g - 3 potions of curing
 h - a potion of might {unknown}
 i - a potion of invisibility {unknown}
 k - a potion of heal wounds {unknown}
 l - a potion of degeneration {unknown}
 m - 2 potions of brilliance {unknown}
 o - a potion of resistance {unknown}
 q - a potion of haste {unknown}


   Skills:
 + Level 6.1 Fighting
 + Level 5.0 Dodging
 - Level 1.0 Stealth
 + Level 5.4 Unarmed Combat
 + Level 2.1 Invocations
 - Level 1.6 Evocations
 + Level 4.8 Shapeshifting


You had 7 spell levels left.
You didn't know any spells.
Your spell library contained the following spells:

 Spells                   Type           Power      Damage    Failure   Level
 Hailstorm                Conj/Ice       0%         3d5       69%         3
 Inner Flame              Hex/Fire       0%         N/A       69%         3
 Summon Ice Beast         Ice/Summ       0%         N/A       69%         3
 Alistair's Intoxication  Alch           0%         N/A       100%        5
 Borgnjor's Vile Clutch   Necr/Erth      0%         N/A       100%        5
 Irradiate                Conj/Alch      0%         3d11      100%        5
 Eringya's Noxious Bog    Alch           0%         4d6       100%        6
 Sculpt Simulacrum        Ice/Alch       0%         N/A       100%        6
 Ignition                 Fire           0%         3d3       100%        8


Dungeon Overview and Level Annotations

Branches:
Dungeon (7/15)             Temple (1/1) D:6

Altars:
Ashenzari
Cheibriados
Dithmenos
Elyvilon
Fedhas
Gozag
Kikubaaqudgha
Nemelex Xobeh
Qazlal
Sif Muna
Vehumet
Xom
Yredelemnul
Zin

Annotations:
D:4 3 runed translucent doors, SourGummyWyrme's ghost, amateur OpSh


Innate Abilities, Weirdness & Mutations

You are a hulking beast.
Your limbs bulge with bestial killing power. (Slay +2)
You cannot wear most types of armour.
You are amphibious.
You can wear up to eight rings at the same time.
Your skin changes colour to match your surroundings (Stealth+).
Your rubbery body absorbs attacks. (AC +1, EV +1)
((You are camouflaged when in or above water. (Stealth+)))
You have tentacles for arms and can constrict up to eight enemies at once.


Message History

Something closely misses your orc priest zombie.
You start resting.
A magic dart appears from out of thin air!
The magic dart hits your orc zombie!
Your orc zombie is destroyed!
You hear some strange, mumbled words.
A puff of flame appears from out of thin air!
The puff of flame hits you!
* * * LOW HITPOINT WARNING * * *
You swap places.
Something hits your orc priest zombie. Something hits your scorpion zombie.
You open the door.
An iguana and a quokka come into view.
You hear some strange, mumbled words.
A puff of flame appears from out of thin air!
The puff of flame hits your orc priest zombie!
Your orc priest zombie is destroyed!
Something hits your scorpion zombie but does no damage.
The iguana hisses angrily.
You hear some strange, mumbled words.
Your scorpion zombie appears confused.
You close the door.
An orc wizard appears from thin air!
Reactivating autopickup.
Your scorpion zombie barely misses you.
The orc wizard gestures at you while chanting.
Something hits your scorpion zombie.
An orc wizard is nearby!
A puff of flame appears from out of thin air!
Deactivating autopickup; reactivate with Ctrl-A.
The puff of flame hits you!
* * * LOW HITPOINT WARNING * * *
You feel better.
The orc wizard gestures at you while chanting.
The puff of flame misses you. The orc wizard casts a spell at you.
The puff of flame hits you!
* * * LOW HITPOINT WARNING * * *
A puff of flame appears from out of thin air!
The puff of flame hits you!
You die...
Your body rises from the dead as a mindless zombie.

######## #######
#######......# #.....#
#.....#......# #.....#
#.....#......# #.)...#
#.....'......# #.....#
#...ZZ#......#########.)...# .
#....Z###'###h........######..
#......#....#.....Z...#..)....
#......#....#.........#Z..)...
#......#....#......{..#Z......
#.....##...##.....o...#'####..
#.....##...########+#.....# ..
#.....#..... ..r#.....# .
#.....#..... ..l..#.....#
#.....# .......#.....+


You could see an orc wizard and a friendly scorpion zombie (confused).

Vanquished Creatures
  Eustachio (D:5)
  A sky beast (D:6)
  2 ice beasts
  An ogre (D:5)
  A phantom (D:6)
  A gnoll sergeant (D:5)
  Blork the orc (D:6)
  4 scorpions
  A bombardier beetle (D:3)
  A jelly (D:4)
  3 orc priests
  An iguana (D:5)
  A sleepcap (D:6)
  5 adders
  4 gnolls
  A white imp (D:6)
  2 ufetubi (D:5)
  A dart slug (D:1)
  14 orcs
  10 endoplasms
  4 giant cockroaches
  9 goblins
  5 hobgoblins
  8 kobolds
  2 quokkas
  4 ball pythons
  6 bats
  6 frilled lizards
  5 rats
105 creatures vanquished.

Vanquished Creatures (collateral kills)
  A gnoll bouda (D:6)
  3 gnolls
  An orc (D:5)
5 creatures vanquished.

Vanquished Creatures (others)
  An ogre zombie (D:5)
  3 gnoll zombies
  7 orc zombies (D:5)
  A spectral ufetubus (D:5)
12 creatures vanquished.

Grand Total: 122 creatures vanquished

Notes
Turn   | Place    | Note
-------+----------+-------------------------------------------
     0 | D:1      | RatsInWalls the Octopode Shapeshifter began the quest for
                  | the Orb.
     0 | D:1      | Reached XP level 1. HP: 13/13 MP: 1/1
   190 | D:1      | Reached XP level 2. HP: 18/18 MP: 2/2
   473 | D:1      | Reached skill level 1 in Stealth
   543 | D:1      | Reached XP level 3. HP: 24/24 MP: 3/3
   982 | D:2      | Reached skill level 2 in Fighting
  1315 | D:2      | Reached XP level 4. HP: 28/30 MP: 4/4
  2064 | D:3      | Found a broken altar of Ashenzari.
  2238 | D:3      | Reached XP level 5. HP: 34/36 MP: 5/5
  2262 | D:3      | Reached skill level 3 in Fighting
  2262 | D:3      | Reached skill level 1 in Evocations
  2391 | D:3      | Found a radiant altar of Vehumet.
  2625 | D:4      | Found a runed translucent gate.
  2625 | D:4      | Found a runed translucent gate.
  2625 | D:4      | Found a runed translucent gate.
  2625 | D:4      | Noticed SourGummyWyrme's ghost (amateur OpSh)
  2630 | D:4      | Reached XP level 6. HP: 11/42 MP: 6/6
  2853 | D:4      | You fall into a shaft and drop 3 floors!
  2864 | D:6      | Found a staircase to the Ecumenical Temple.
  2880 | D:6      | Reached skill level 4 in Fighting
  2885 | Temple   | Entered the Ecumenical Temple
  2898 | Temple   | Became a worshipper of Yredelemnul the Dark
  3038 | D:6      | Reached XP level 7. HP: 20/49 MP: 7/7
  3157 | D:6      | Found a shadowy altar of Dithmenos.
  3158 | D:6      | Identified the ring of Xeor {Fly rElec Dex+3 Slay-5}
  3330 | D:6      | Noticed Blork the orc
  3336 | D:6      | Killed Blork the orc
  3337 | D:6      | Reached skill level 5 in Fighting
  3579 | D:5      | Entered Level 5 of the Dungeon
  3590 | D:5      | Reached XP level 8. HP: 4/56 MP: 8/8
  3859 | D:5      | Reached skill level 5 in Unarmed Combat
  4036 | D:5      | Reached * piety under Yredelemnul
  4251 | D:5      | Reached skill level 1 in Invocations
  4359 | D:5      | Reached ** piety under Yredelemnul
  4447 | D:5      | Noticed Eustachio
  4459 | D:5      | Killed Eustachio
  4460 | D:5      | Reached skill level 6 in Fighting
  4541 | D:5      | Reached skill level 5 in Dodging
  4573 | D:5      | Killed from afar by an orc wizard

Illustrated notes

Levels and vault maps discovered:
D:1:      dpeg_arrival_stonehenge_12_columns, layout_loops_corners,
          minmay_pentomino_s4
D:2:      layout_basic, serial_curves, eino_curves_03, eino_curves_03,
          minmay_split_cup_large
D:3:      minmay_bubble_buster, layout_rooms, evilmike_ruin_ashenzari,
          mainiacjoe_overflow_concentric_impassable
D:4:      layout_rooms, serial_shops, shop_scrolls, ebering_ghost_rock_garden,
          uniq_robin, uniq_pikel
D:5:      layout_gridville, makhleb_altar_promises_db, uniq_eustachio
D:6:      layout_basic, nicolae_dithmenos_the_darkroom, general_overflow_altar,
          minmay_temple_entry_large_hall, enter_ossuary_3, uniq_blork_the_orc,
          uniq_maggie
D:7:      layout_loops_cross, mainiacjoe_overflow_divided_tiny,
          mainiacjoe_overflow_alcove_2, gammafunk_ghost_split,
          minmay_misc_feat_columns, st_stairs_11, minmay_microvault
Temple:   nicolae_temple_ecumenical_triangle

Skill      XL: |  1  2  3  4  5  6  7  8 |
---------------+-------------------------+-----
Stealth        | 1 |  1.0
Fighting       | 2 3 4 5 6 |  6.1
Evocations     | 1 |  1.6
Dodging        | 3 4 5 |  5.0
Unarmed Combat | 4 5 |  5.4
Shapeshifting  | 4 |  4.8
Invocations    | 2 |  2.1

Action                     |  1- 3 |  4- 6 |  7- 9 || total
---------------------------+-------+-------+-------++-------
  Melee: Unarmed           |    66 |    76 |    85 ||   227
         Tentacles         |    19 |    12 |    23 ||    54
         Constrict         |    18 |    17 |    19 ||    54
         Punch             |     2 |     2 |     7 ||    11
  Throw: Dart              |       |    14 |     2 ||    16
  Evoke: Wand              |       |     6 |       ||     6
    Use: Scroll            |     1 |    10 |       ||    11
         Potion            |       |       |     1 ||     1
   Stab: Sleeping          |     7 |     8 |     1 ||    16
         Distracted        |       |       |     2 ||     2
 Armour: Skin              |    12 |    31 |    41 ||    84
  Dodge: Dodged            |    24 |    42 |    39 ||   105
